 Dungeon Sprint DCSS version 0.30.0-13-g156ef70053 (webtiles) character file.

Game seed: 5988041659956896545

6167 Monkooky the Unseen (level 11, -1/76 HPs)
             Began as a Kobold Brigand on May 17, 2023.
             Was the Champion of Cheibriados.
             Slain by a demonic crawler (7 damage)
             ... in the Dungeon (Sprint I: "Red Sonja").
             The game lasted 00:08:16 (1041 turns).

Monkooky the Unseen (Kobold Brigand)                Turns: 1041, Time: 00:08:16

Health: -1/76      AC:  9    Str: 24    XL:     11   Next: 13%
Magic:  15/21      EV: 33    Int: 28    God:    Cheibriados [******]
Gold:   650        SH:  0    Dex: 35    Spells: 10/10 levels left

rFire   . . .        q - +2 short sword (distort)
rCold   . . .        (no shield)
rNeg    . . .        n - +5 robe of Night {Dark Will+ SInv}
rPois   .            (no helmet)
rElec   .            c - +1 cloak
rCorr   .            (no gloves)
SInv    +            (no boots)
Will    +....        (no amulet)
Stlth   +++++++++    (no ring)
HPRegen 0.32/turn    (no ring)
MPRegen 0.17/turn

%: no teleportation
@: very slow
A: small, no large weapons, nightstalker 3
a: Renounce Religion, Bend Time, Temporal Distortion, Slouch, Step From Time


You were in the Dungeon.
You worshipped Cheibriados.
Cheibriados was exalted by your worship.
You visited 1 branch You collected 1002 gold pieces.
You spent 352 gold pieces at shops.

Inventory:

Hand Weapons
 a - a +2 dagger
 q - a +2 short sword of distortion (weapon)
Missiles
 d - 12 poisoned darts (quivered)
 e - 10 curare-tipped darts
 p - 3 atropa-tipped darts
Armour
 b - a +0 robe
 c - a +1 cloak (worn)
 n - the +5 robe of Night (worn) {Dark Will+ SInv}
   (You found it in the Dungeon)

   Dark:      It shrouds the wearer in darkness, reducing the range at which
   they can see and be seen by others.
   SInv:      It lets you see invisible.
   Will:      It increases your willpower.
Scrolls
 k - a scroll of blinking
 m - a scroll of fog
 o - a scroll of amnesia
 s - a scroll of fear
 t - a scroll of immolation
 u - a scroll of brand weapon
Potions
 f - 2 potions of curing
 g - a potion of degeneration {unknown}
 h - a potion of haste
 i - 2 potions of magic
 j - a potion of berserk rage
 l - a potion of might {unknown}


   Skills:
 - Level 12.1 Fighting
 - Level 10.0 Short Blades
 - Level 6.0 Throwing
 - Level 13.0 Dodging
 - Level 19.5 Stealth
 + Level 13.9 Invocations


You had 10 spell levels left.
You didn't know any spells.
Your spell library was empty.

Dungeon Overview and Level Annotations

Branches:
Dungeon (1/1)

Altars:
Cheibriados
Dithmenos
Elyvilon
Fedhas
Gozag
Hepliaklqana
Kikubaaqudgha
Makhleb
Nemelex Xobeh
Okawaru
Qazlal
Ru
Sif Muna
Trog
Uskayaw
Vehumet
Wu Jian
Xom
Yredelemnul
Zin
The Shining One
Jiyva
Lugonu

Shops:
D ?*[


Innate Abilities, Weirdness & Mutations

You are small and have problems with some larger weapons.
You are completely attuned to the shadows.


Message History

You have reached level 11!
You open the door. 4 demonic crawlers come into view.
There is an open door here.
The helpless demonic crawler fails to defend itself.
You spit the demonic crawler like a pig!!!!!
You kill the demonic crawler!
Cheibriados appreciates the change of pace.
Your Invocations skill increases to level 13!
The helpless demonic crawler fails to defend itself.
You stick the demonic crawler like a pincushion!!!!!
You kill the demonic crawler!
Cheibriados thoroughly appreciates the change of pace.
The demonic crawler hits you!
The demonic crawler completely misses you. x2
The demonic crawler hits you!
The demonic crawler closely misses you. x2
The demonic crawler completely misses you. x3
The demonic crawler gives a hideous shriek!
You hit the demonic crawler.
The demonic crawler is lightly wounded.
The demonic crawler completely misses you. x2
The demonic crawler closely misses you. The demonic crawler misses you.
The demonic crawler completely misses you.
The demonic crawler closely misses you.
The demonic crawler completely misses you.
The demonic crawler hits you! The demonic crawler closely misses you.
The demonic crawler hits you. The demonic crawler barely misses you.
The demonic crawler hits you!
* * * LOW HITPOINT WARNING * * *
The demonic crawler hits you!
* * * LOW HITPOINT WARNING * * *
The demonic crawler misses you.
The demonic crawler completely misses you. x2
The demonic crawler misses you.
The demonic crawler completely misses you.
There is an open door, spattered with blood here.
Activating: Slouch (0% risk of failure)
Press: ? - help, Dir - look around, f - activate You can feel time thicken for a moment.
The demonic crawler hits you!
You die...

#################
#..'..#__#$$'..)#
'..#..'..'..#...##+#
#####'#__####)..@s.#
#...#[####.§#####s.+
#..##.#~~§.)#..##+##
##'#_.'~§§§.'.§#
.'..._#~~§§§#§§#
##_.#+##'#####'###
###'# #§§..###.'.#
###.####'###.###.#
.'...'.....'.∩##.#


You could see 2 demonic crawlers.

Vanquished Creatures
  A centaur warrior (D)
  Sonja (D)
  A deep troll (D)
  An oklob plant (D)
  2 demonic crawlers (D)
  2 kobold demonologists (D)
  2 unseen horrors (D)
  A hornet (D)
  A slime creature (D)
  Sigmund (D)
  A yak (D)
  2 redbacks (D)
  2 floating eyes (D)
  An ogre (D)
  7 necrophages (D)
  8 jellies (D)
  Ijyb (D)
35 creatures vanquished.

Notes
Turn   | Place    | Note
-------+----------+-------------------------------------------
     0 | D        | Monkooky the Kobold Brigand began the quest for the Orb.
     0 | D        | Reached XP level 1. HP: 12/12 MP: 1/1
     2 | D        | Noticed Ijyb
     4 | D        | Killed Ijyb
     5 | D        | Reached skill level 9 in Stealth
     5 | D        | Reached XP level 2. HP: 17/17 MP: 2/2
     5 | D        | Reached XP level 3. HP: 21/21 MP: 3/3
     7 | D        | Noticed an ogre
    10 | D        | Killed an ogre
    11 | D        | Reached skill level 13 in Stealth
    11 | D        | Reached XP level 4. HP: 26/26 MP: 4/4
    11 | D        | Reached XP level 5. HP: 30/30 MP: 5/5
    14 | D        | Noticed Sigmund
    27 | D        | Killed Sigmund
    28 | D        | Reached skill level 18 in Stealth
    28 | D        | Reached XP level 6. HP: 16/35 MP: 6/6
   130 | D        | Found an ornate altar of the Wu Jian Council.
   131 | D        | Found a shimmering blue altar of Sif Muna.
   132 | D        | Found a radiant altar of Vehumet.
   139 | D        | Found a hazy altar of Hepliaklqana.
   139 | D        | Found a stormy altar of Qazlal.
   139 | D        | Found a hide-covered altar of Uskayaw.
   139 | D        | Found a blossoming altar of Fedhas.
   139 | D        | Noticed a yak
   140 | D        | Found Reesog's General Store.
   140 | D        | Found a bloodstained altar of Trog.
   140 | D        | Found an opulent altar of Gozag.
   140 | D        | Found a snail-covered altar of Cheibriados.
   141 | D        | Killed a yak
   142 | D        | Reached XP level 7. HP: 40/40 MP: 7/7
   142 | D        | Found an iron altar of Okawaru.
   142 | D        | Found a sparkling altar of Nemelex Xobeh.
   142 | D        | Found a sacrificial altar of Ru.
   142 | D        | Found a glowing silver altar of Zin.
   143 | D        | Found an ancient bone altar of Kikubaaqudgha.
   143 | D        | Found a basalt altar of Yredelemnul.
   143 | D        | Found a glowing golden altar of the Shining One.
   143 | D        | Found a shadowy altar of Dithmenos.
   143 | D        | Found a white marble altar of Elyvilon.
   149 | D        | Bought a scroll of fog for 40 gold pieces
   149 | D        | Bought a potion of invisibility for 80 gold pieces
   151 | D        | Became a worshipper of Cheibriados the Contemplative
   163 | D        | Found a viscous altar of Jiyva.
   163 | D        | Found a corrupted altar of Lugonu.
   163 | D        | Noticed a slime creature
   164 | D        | Found a burning altar of Makhleb.
   164 | D        | Found a shimmering altar of Xom.
   171 | D        | Killed a slime creature
   172 | D        | Reached skill level 10 in Short Blades
   276 | D        | Bought a scroll of enchant armour for 75 gold pieces
   276 | D        | Bought 3 atropa-tipped darts for 27 gold pieces
   277 | D        | Bought a potion of curing for 30 gold pieces
   283 | D        | Noticed Sonja
   287 | D        | Killed Sonja
   287 | D        | Reached * piety under Cheibriados
   288 | D        | Reached XP level 8. HP: 51/51 MP: 12/12
   309 | D        | Found Tus Ujol's Magic Scroll Boutique.
   314 | D        | Bought a scroll of identify for 20 gold pieces
   314 | D        | Bought a scroll of fear for 40 gold pieces
   314 | D        | Bought a scroll of immolation for 40 gold pieces
   329 | D        | Noticed a deep troll
   333 | D        | Killed a deep troll
   334 | D        | Reached XP level 9. HP: 60/60 MP: 13/13
   357 | D        | Found Wiolanweu's Armour Emporium.
   373 | D        | Noticed a centaur warrior
   374 | D        | Noticed a centaur warrior
   383 | D        | Killed a centaur warrior
   384 | D        | Reached skill level 10 in Fighting
   390 | D        | Banished a centaur warrior
   391 | D        | Reached XP level 10. HP: 11/70 MP: 11/14
   585 | D        | Reached ** piety under Cheibriados
   593 | D        | Noticed an oklob plant
   595 | D        | Killed an oklob plant
   596 | D        | Reached skill level 19 in Stealth
   605 | D        | Reached *** piety under Cheibriados
   622 | D        | Reached **** piety under Cheibriados
   760 | D        | Reached ***** piety under Cheibriados
   790 | D        | Killed an unseen horror
   793 | D        | Killed an unseen horror
   794 | D        | Reached skill level 10 in Invocations
   934 | D        | Found the +5 robe of Night {Dark Will+ SInv}
   936 | D        | Identified the +6 pearl dragon scales "Zuskimn" {rN+ Will++
                  | Dex+2 SInv}
   957 | D        | Reached ****** piety under Cheibriados
  1027 | D        | Noticed a kobold demonologist
  1027 | D        | Noticed a kobold demonologist
  1029 | D        | Killed a kobold demonologist
  1032 | D        | Killed a kobold demonologist
  1033 | D        | Reached XP level 11. HP: 76/76 MP: 18/20
  1041 | D        | Slain by a demonic crawler

Illustrated notes

Levels and vault maps discovered:
D:        dungeon_sprint_1 [red_sonja_temple_1, red_sonja_temple_small_1]

Skill      XL: |  1  2  3  4  5  6  7  8  9 10 11 |
---------------+----------------------------------+-----
Stealth        | 9 13 18 19 | 19.5
Short Blades   | 9 10 | 10.0
Invocations    | 6 12 13 | 13.9
Throwing       | 6 |  6.0
Fighting       | 6 8 11 12 | 12.1
Dodging        | 6 9 12 13 | 13.0

Action                     |  1- 3 |  4- 6 |  7- 9 | 10-12 || total
---------------------------+-------+-------+-------+-------++-------
  Melee: Dagger            |     2 |     3 |     2 |       ||     7
         Punch             |       |     1 |       |       ||     1
         Short sword       |       |       |     9 |    57 ||    66
  Throw: Dart              |       |     2 |     4 |       ||     6
 Invoke: Bend Time         |       |       |     1 |       ||     1
         Slouch            |       |       |       |     2 ||     2
  Evoke: Wand              |       |       |     5 |       ||     5
    Use: Scroll            |       |       |     3 |       ||     3
         Potion            |       |       |     2 |       ||     2
   Stab: Sleeping          |     2 |     2 |     2 |    16 ||    22
         Invisible         |       |       |     2 |       ||     2
 Armour: Robe              |       |       |     7 |     2 ||     9
  Dodge: Dodged            |       |     2 |    20 |    71 ||    93
